 Dungeon Crawl Stone Soup version 0.27-a0-1202-ge72e49191c (webtiles) character file.

Game seed: 16649840881483879511

657 reriks the Shield-Bearer (level 7, -1/56 HPs)
             Began as a Formicid Fighter on June 3, 2021.
             Splashed by an acid dragon's acid (6 damage)
             ... on level 5 of the Dungeon.
             The game lasted 00:05:06 (4947 turns).

reriks the Shield-Bearer (Formicid Fighter)         Turns: 4947, Time: 00:05:06

Health: -1/56      AC:  1    Str: 22    XL:     7   Next: 85%
Magic:  7/7        EV:  5    Int:  8    God:
Gold:   116        SH: 10    Dex: 10    Spells: 6/6 levels left

rFire    + . .     SeeInvis +   i - +0 scimitar
rCold    . . .     Faith    .   c - +0 kite shield
rNeg     . . .     Spirit   .   w - +0 plate armour
rPois    .         Reflect  .   (helmet unavailable)
rElec    .         Harm     .   (no cloak)
rCorr    +         Rampage  .   (no gloves)
Will     .....                  r - +0 pair of boots
Stlth    ..........             (no amulet)
HPRegen  0.18/turn              s - ring of protection from fire
MPRegen  0.10/turn              q - ring of resist corrosion

@: corroded
A: permanent stasis, dig shafts and tunnels, antennae 3, four strong arms
a: Dig, Shaft Self


You were on level 5 of the Dungeon.
You visited 1 branch of the dungeon, and saw 5 of its levels.

You collected 158 gold pieces.
You spent 42 gold pieces at shops.

Inventory:

Hand Weapons
 a - a +0 long sword
 i - a +0 scimitar (weapon)
Missiles
 n - a throwing net
Armour
 b - a +0 scale mail
 c - a +0 kite shield (worn)
 r - a +0 pair of boots (worn)
 w - a +0 plate armour (worn)
Jewellery
 q - a ring of resist corrosion (right hand)
 s - a ring of protection from fire (left hand)
 t - a ring of flight
 v - a +4 ring of evasion
 y - a ring of magical power
Wands
 j - a wand of acid (10)
Scrolls
 d - a scroll of enchant weapon {unknown}
 e - a scroll of fog
 g - a scroll of summoning
 h - a scroll of noise
 k - a scroll of teleportation {unknown}
 l - a scroll of blinking {unknown}
 o - a scroll of vulnerability {unknown}
 u - a scroll of amnesia {unknown}
 x - a scroll of magic mapping
 z - 2 scrolls of identify
Potions
 m - 2 potions of lignification {unknown}
 p - a potion of degeneration {unknown}


   Skills:
 + Level 5.0 Fighting
 * Level 5.3 Long Blades
 + Level 5.1 Armour
 + Level 5.5 Shields


You had 6 spell levels left.
You didn't know any spells.
Your spell library contained the following spells:

 Spells                   Type           Power      Damage    Failure   Level
 Sandblast                Erth           0%         2d4       100%        1
 Passwall                 Tmut/Erth      0%         N/A       100%        2
 Stone Arrow              Conj/Erth      0%         3d7       100%        3
 Petrify                  Tmut/Erth      0%         N/A       100%        4
 Lee's Rapid Deconstruct  Erth           0%         3d5*      100%        5


Dungeon Overview and Level Annotations

Branches:
Dungeon (5/15)
 Temple: D:4-7

Altars:
Okawaru
Uskayaw
Wu Jian
The Shining One

Shops:
D:2 ::[[   D:5 ?


Innate Abilities, Weirdness & Mutations

You cannot be hasted, slowed, berserked, paralysed or teleported.
You can dig through walls and to a lower floor.
You have a pair of large antennae on your head. (SInv)
Your four strong arms can wield two-handed weapons with a shield.


Message History

The acid dragon claws you but does no damage.
You are too injured to fight recklessly!
You are too injured to fight recklessly!
You are too injured to fight recklessly!
You are too injured to fight recklessly!
You are too injured to fight recklessly!
You feel better. The acid dragon spits acid at you.
The splash of acid hits you! You resist. The acid corrodes you!
You are splashed with acid.
You resist.
You are too injured to fight recklessly!
You are too injured to fight recklessly!
You are too injured to fight recklessly!
You closely miss the acid dragon.
The acid dragon is almost dead.
The acid dragon bites you! You block the acid dragon's attack.
You hit the acid dragon.
The acid dragon is almost dead.
The acid dragon bites you!
* * * LOW HITPOINT WARNING * * *
The acid dragon closely misses you.
You hit the acid dragon but do no damage.
The acid dragon is almost dead.
You block the acid dragon's attack. x2
The acid dragon bites you but does no damage.
You block the acid dragon's attack.
You hit the acid dragon.
The acid dragon is almost dead.
You block the acid dragon's attack. x2
You closely miss the acid dragon.
The acid dragon is almost dead.
You block the acid dragon's attack. The acid dragon claws you.
* * * LOW HITPOINT WARNING * * *
You hit the acid dragon but do no damage.
The acid dragon is almost dead.
The acid dragon spits acid at you. The splash of acid hits you. You resist.
* * * LOW HITPOINT WARNING * * *
The acid corrodes you!
You are splashed with acid.
You resist.
You die...

@##### #.##≈≈≈≈.#####≈≈≈≈##.# .#
#.#≈≈##≈...##≈≈##≈##.## .#
#####.≈≈##≈≈≈≈≈≈≈≈##≈≈##.≈≈ .#
####≈≈≈≈≈≈############≈≈≈≈≈≈≈#
.###≈≈≈≈######.#.≈.#.≈#.######≈##
.##≈≈####.....#.#.#.#..#.#.#.###≈
.##≈## ... ..#.≈.#.†..#...≈.≈..'≈
...≈≈###.D..#.#D#.#..#.#.#)#.###≈
...#≈≈≈#####.≈.#@≈..#≈..######≈##
##.#.#≈≈≈≈≈##############≈≈≈≈≈≈≈#
##....#.##≈≈≈≈≈≈≈##≈≈≈≈≈##≈≈###≈≈
##.#....#..#####≈≈##≈.#≈≈##≈####.
...#..#..........≈≈≈≈...≈≈≈≈##...
##......#########).##.#...####.#.
##.#..### #.....##### #.##
......# #..#### #.# ...#)##
#####..# #.#


You could see an acid dragon (catching breath).

Vanquished Creatures
  Sigmund (D:4)
  Eustachio (D:5)
  A wight (D:5)
  A hound (D:5)
  A jelly (D:5)
  A centaur skeleton (D:4)
  Jessica (D:3)
  3 iguanas
  3 adders
  A howler monkey skeleton (D:5)
  A white imp (D:5)
  3 worms (D:2)
  2 dart slugs
  An orc (D:4)
  9 ball pythons
  4 endoplasms
  8 goblins
  7 hobgoblins
  3 jackals (D:2)
  3 quokkas
  5 bats
  2 frilled lizards
  5 kobolds
  4 rats
71 creatures vanquished.

Notes
Turn   | Place    | Note
-------+----------+-------------------------------------------
     0 | D:1      | reriks the Formicid Fighter began the quest for the Orb.
     0 | D:1      | Reached XP level 1. HP: 18/18 MP: 1/1
   166 | D:1      | Reached XP level 2. HP: 23/24 MP: 2/2
   459 | D:1      | Reached XP level 3. HP: 29/29 MP: 3/3
  1571 | D:2      | Reached XP level 4. HP: 37/37 MP: 4/4
  1612 | D:2      | Found Vilep's Antique Armour Shoppe.
  1662 | D:2      | Found Raacveh's Antique Armour Shop.
  1939 | D:2      | Found Tuuscho's Book Shop.
  1950 | D:2      | Found Plog's Book Emporium.
  2302 | D:3      | Found a glowing golden altar of the Shining One.
  2302 | D:3      | Found a hide-covered altar of Uskayaw.
  2303 | D:3      | Found an iron altar of Okawaru.
  2490 | D:3      | Found a faded altar of an unknown god.
  2561 | D:3      | Noticed Jessica
  2569 | D:3      | Killed Jessica
  2570 | D:3      | Reached XP level 5. HP: 42/42 MP: 5/5
  3358 | D:4      | Noticed Sigmund
  3374 | D:4      | Killed Sigmund
  3375 | D:4      | Reached skill level 5 in Shields
  3375 | D:4      | Reached XP level 6. HP: 5/49 MP: 6/6
  3825 | D:5      | Entered Level 5 of the Dungeon
  3860 | D:5      | Noticed Eustachio
  3872 | D:5      | Found an ornate altar of the Wu Jian Council.
  3888 | D:5      | Reached XP level 7. HP: 47/55 MP: 7/7
  4032 | D:5      | Killed Eustachio
  4033 | D:5      | Reached skill level 5 in Long Blades
  4435 | D:5      | Reached skill level 5 in Armour
  4561 | D:5      | Found Erulayki's Magic Scroll Emporium.
  4568 | D:5      | Reached skill level 5 in Fighting
  4571 | D:5      | Bought a scroll of magic mapping for 42 gold pieces
  4926 | D:5      | Noticed an acid dragon
  4947 | D:5      | Splashed by an acid dragon's acid

Illustrated notes

Levels and vault maps discovered:
D:1:      dpeg_arrival_simpleton_c, layout_basic
D:2:      layout_basic, serial_shops, nicolae_shop_statue_plus, shop_statue,
          shop, shop
D:3:      layout_loops_ring, gammafunk_temple_overflow_claw,
          hellmonk_ecumenical_altar_blasted, uniq_jessica
D:4:      layout_basic, uniq_sigmund
D:5:      layout_loops_ring, nicolae_overflow_hidden_temple, serial_shops,
          shop_statue, minmay_manual_mullet, uniq_eustachio

Skill      XL: |  1  2  3  4  5  6  7 |
---------------+----------------------+-----
Shields        | 4 5 |  5.5
Long Blades    | 3 4 5 |  5.3
Fighting       | 4 5 |  5.0
Armour         | 4 5 |  5.1

Action                   |  1- 3 |  4- 6 |  7- 9 || total
-------------------------+-------+-------+-------++-------
Melee: Long sword        |    66 |       |       ||    66
       Scimitar          |    25 |   120 |    85 ||   230
  Use: Scroll            |       |     3 |       ||     3
       Potion            |       |     1 |     2 ||     3
Armor: Scale mail        |    37 |    46 |    42 ||   125
       Plate armour      |       |       |    11 ||    11
Dodge: Dodged            |    30 |    43 |    41 ||   114
Block: Kite shield       |    46 |    74 |    57 ||   177
       Rpst.: Long sword |     5 |       |       ||     5
       Scimitar          |     2 |    12 |    18 ||    32

Table legend: (Time is in decaauts)
 A = Elapsed time spent in this place.
 B = Non-inter-level travel time spent in this place.
 C = Inter-level travel time spent in this place.
 D = Time resting spent in this place.
 E = Time spent auto-exploring this place.
 F = Levels seen in this place.
 G = Mean time per level.
                   A        B        C        D        E       F      G
               +--------+--------+--------+--------+--------+-----+--------+
         Total |   5088 |   4947 |    141 |   1142 |   2997 |   5 | 1017.6 |
       Dungeon |   5088 |   4947 |    141 |   1142 |   2997 |   5 | 1017.6 |
               +--------+--------+--------+--------+--------+-----+--------+

Top non-repeatable levels by time:
     D:2: 1357 daAuts
     D:4: 1214 daAuts
     D:5: 1092 daAuts
     D:1: 743 daAuts
     D:3: 681 daAuts
